 Dungeon Crawl Stone Soup version 0.22.0-60-ga52c2fc (webtiles) character file.

49 Starchild the Bolt Thrower (level 4, -1/25 HPs)
             Began as a Kobold Arcane Marksman on Sept 10, 2018.
             Slain by Natasha (7 damage)
             ... on level 2 of the Dungeon.
             The game lasted 00:05:18 (1982 turns).

Starchild the Bolt Thrower (Kobold Arcane Marksman) Turns: 1982, Time: 00:05:19

Health: -1/25      AC:  4    Str:  7    XL:     4   Next: 1%
Magic:  4/5        EV: 15    Int: 15    God:
Gold:   110        SH:  0    Dex: 15    Spells: 4/5 levels left

rFire    . . .     SeeInvis .   c - +0 dagger
rCold    . . .     Gourm    .   (shield restricted)
rNeg     . . .     Faith    .   e - +0 robe
rPois    .         Spirit   .   (no helmet)
rElec    .         Reflect  .   h - +0 cloak
rCorr    .         Harm     .   (no gloves)
MR       .....                  b - +0 pair of boots
Stlth    +.........             (no amulet)
HPRegen  0.08/turn              (no ring)
MPRegen  0.09/turn              (no ring)

@: slowed, very slow
A: small, carnivore
a: no special abilities


You were on level 2 of the Dungeon.
You were not hungry.

You visited 1 branch of the dungeon, and saw 2 of its levels.

You collected 110 gold pieces.

Inventory:

Hand Weapons
 a - a +0 hand crossbow
 c - a +0 dagger (weapon)
Missiles
 d - 7 bolts
Armour
 b - a +0 pair of boots (worn)
 e - a +0 robe (worn)
 h - a +0 cloak (worn)
Scrolls
 g - 2 scrolls of teleportation {unknown}
 i - 3 scrolls of blinking {unknown}
Potions
 j - a potion of curing {unknown}
Comestibles
 f - 2 rations


   Skills:
 - Level 1.1 Fighting
 + Level 2.5 Short Blades
 - Level 4.0 Crossbows
 - Level 2.4 Dodging
 - Level 1.1 Spellcasting
 - Level 3.0 Hexes


You had 4 spell levels left.
You knew the following spells:

 Your Spells              Type           Power        Failure   Level  Hunger
a - Corona                Hex            #......      7%          1    ##.....

Your spell library contained the following spells:

 Spells                   Type           Power        Failure   Level  Hunger
 Slow                     Hex            #.......     11%         2    ###....
 Inner Flame              Hex/Fire       #.......     36%         3    ####...
 Portal Projectile        Hex/Tloc       #.....       36%         3    ####...
 Cause Fear               Hex            #.........   56%         4    #####..
 Leda's Liquefaction      Hex/Erth       #.........   78%         4    #####..


Dungeon Overview and Level Annotations

Branches:
Dungeon (2/15)

Altars:

Annotations:
D:2 Natasha


Innate Abilities, Weirdness & Mutations

You are small and have problems with some larger weapons.
You are carnivorous and can eat meat at any time.


Message History

The iron imp disappears in a puff of smoke!
Natasha closely misses you.
Casting: Corona (safe; 7% risk of failure)
Confirm with . or Enter, or press ? or * to list all spells.
You don't know that spell.
Unknown command.
Casting: Corona (safe; 7% risk of failure)
Confirm with . or Enter, or press ? or * to list all spells.
You don't know that spell.
Okay, then.
Casting: Corona (safe; 7% risk of failure)
Confirm with . or Enter, or press ? or * to list all spells.
Aiming: Corona (safe; 7% risk of failure)
Press: ? - help, Shift-Dir - straight line, f/p - hobgoblin
Aim: a hobgoblin, wielding a club (moderately wounded, chance to defeat MR: Natasha resists with significant effort.
Natasha claws you.
* * * LOW HITPOINT WARNING * * *
Natasha claws you!
You die...

(.. ## (..
.. #.# .###
.(g ...
#.###.#
#.(ยง).#
###g### #h#
#@# #.# #.#
# #.#
#.#.######.#
...........#
.........###
#####
..#.####.#
..... #.#


You could see Natasha and a hobgoblin.

Vanquished Creatures
  An adder (D:2)
  A worm (D:2)
  A dart slug (D:1)
  A leopard gecko (D:1)
  An orc (D:2)
  A giant cockroach (D:1)
  6 goblins
  4 jackals (D:1)
  6 kobolds
  4 bats
  3 frilled lizards (D:2)
  3 rats
32 creatures vanquished.

Notes
Turn   | Place    | Note
-------+----------+-------------------------------------------
     0 | D:1      | Starchild the Kobold Arcane Marksman began the quest for
                  | the Orb.
     0 | D:1      | Reached XP level 1. HP: 12/12 MP: 2/2
    70 | D:1      | Reached skill level 3 in Crossbows
    71 | D:1      | Reached XP level 2. HP: 13/16 MP: 3/3
  1414 | D:1      | Reached XP level 3. HP: 20/20 MP: 2/4
  1535 | D:2      | Reached skill level 4 in Crossbows
  1619 | D:2      | Reached skill level 1 in Short Blades
  1631 | D:2      | Found a faded altar of an unknown god.
  1944 | D:2      | Reached XP level 4. HP: 25/25 MP: 5/5
  1952 | D:2      | Noticed Natasha
  1982 | D:2      | Slain by Natasha

Skill      XL: |  1  2  3 |
---------------+----------+-----
Crossbows      | 3 4 |  4.0
Short Blades   | 2 |  2.5
Fighting       | |  1.1
Dodging        | |  2.4
Spellcasting   | |  1.1
Hexes          | |  3.0

Action                   |  1- 3 |  4- 6 || total
-------------------------+-------+-------++-------
Melee: Dagger            |   115 |    20 ||   135
 Fire: Hand crossbow     |    45 |     5 ||    50
 Cast: Corona            |     1 |     1 ||     2
  Eat: Chunk             |     4 |       ||     4
Armor: Robe              |    34 |     5 ||    39
Dodge: Dodged            |   117 |    13 ||   130
